 Dungeon Crawl Stone Soup version 0.31-a0-638-g26219f789d (webtiles) character file.

Game seed: 7131465484617684273

427 Descartes the Conjurer (level 6, -1/32 HPs)
             Began as a Deep Elf Conjurer on Aug 27, 2023.
             Killed from afar by an orc wizard (8 damage)
             ... with a magic dart
             ... on level 5 of the Dungeon.
             The game lasted 00:07:06 (3745 turns).

Descartes the Conjurer (Deep Elf Conjurer)          Turns: 3745, Time: 00:07:07

Health: -1/32      AC:  2    Str:  4    XL:     6   Next: 65%
Magic:  15/15      EV: 13    Int: 25    God:
Gold:   253        SH:  0    Dex: 13    Spells: 11/15 levels left

rFire   . . .        p - +2 short sword (flame)
rCold   . . .        (no shield)
rNeg    . . .        a - +0 robe
rPois   .            (no helmet)
rElec   .            (no cloak)
rCorr   .            (no gloves)
SInv    .            (no boots)
Will    .....        n - amulet of magic regeneration
Stlth   ++           (no ring)
HPRegen 0.25/turn    (no ring)
MPRegen 0.54/turn

%: no passive effects
@: no status effects
A: no striking features
a: no special abilities


You were on level 5 of the Dungeon.
You visited 1 branch of the dungeon, and saw 5 of its levels.

You collected 253 gold pieces.

Inventory:

Hand Weapons
 p - a +2 short sword of flaming (weapon)
 r - a +2 hand axe of flaming
 B - a +2 falchion of holy wrath
Armour
 a - a +0 robe (worn)
Jewellery
 n - an amulet of magic regeneration (around neck)
 z - an amulet of faith
Talismans
 m - a beast talisman
 x - a beast talisman
Wands
 y - a wand of polymorph (13)
 A - a wand of paralysis (11)
 D - a wand of acid (8)
Scrolls
 c - a scroll of blinking {unknown}
 d - a scroll of poison {unknown}
 i - a scroll of amnesia {unknown}
 l - a scroll of vulnerability {unknown}
 o - a scroll of brand weapon {unknown}
 q - 9 scrolls of identify {unknown}
 s - a scroll of acquirement {unknown}
 v - a scroll of noise {unknown}
 w - a scroll of fear {unknown}
 C - a scroll of teleportation {unknown}
Potions
 b - a potion of magic
 e - 2 potions of haste {unknown}
 f - a potion of invisibility {unknown}
 g - a potion of curing {unknown}
 h - 2 potions of mutation {unknown}
 j - 3 potions of lignification {unknown}
 k - a potion of enlightenment {unknown}
 t - a potion of heal wounds {unknown}
 u - a potion of might {unknown}


   Skills:
 + Level 4.4 Dodging
 - Level 2.4 Stealth
 - Level 5.0 Spellcasting
 + Level 5.6 Conjurations
 + Level 3.3 Hexes
 + Level 3.1 Evocations


You had 11 spell levels left.
You knew the following spells:

 Your Spells              Type           Power      Damage    Failure   Level
a - Magic Dart            Conj           100%       1d8       1%          1
b - Dazzling Flash        Conj/Hex       56%        N/A       3%          3

Your spell library contained the following spells:

 Spells                   Type           Power      Damage    Failure   Level
 Searing Ray              Conj           68%        2d6       1%          2
 Necrotise                Necr           24%        1d5       9%          1
 Summon Small Mammal      Summ           24%        N/A       9%          1
 Summon Guardian Golem    Hex/Summ       14%        N/A       12%         3
 Fulminant Prism          Conj/Hex       14%        3d8       13%         4
 Call Canine Familiar     Summ           6%         N/A       24%         3
 Vampiric Draining        Necr           6%         2d6       24%         3
 Iskenderun's Mystic Bla  Conj/Tloc      20%        2d6       26%         4
 Agony                    Necr           6%         N/A       92%         5


Dungeon Overview and Level Annotations

Branches:
Dungeon (5/15)
 Temple: D:4-7

Altars:

Shops:
D:2 *


Message History

Pain shoots through your body!
Casting: Magic Dart (safe; 1% risk of failure)
Confirm with . or Enter, or press ? or * to list all spells.
Aiming: Magic Dart (safe; 1% risk of failure)
Press: ? - help, Shift-Dir - straight line, f/p - orc priest
Aim: an orc priest, wielding a +0 trident (almost dead, 100% to hit)
The magic dart hits the orc priest.
You kill the orc priest!
Unknown command.
Casting: Magic Dart (safe; 1% risk of failure)
Confirm with . or Enter, or press ? or * to list all spells.
Aiming: Magic Dart (safe; 1% risk of failure)
Press: ? - help, Shift-Dir - straight line, f - scorpion
Aim: a scorpion (100% to hit)
The magic dart hits something but does no damage.
Unknown command.
Casting: Magic Dart (safe; 1% risk of failure)
Confirm with . or Enter, or press ? or * to list all spells.
You can't see any susceptible monsters within range! (Use Z to cast anyway.) Unknown command.
Unknown command.
Casting: Magic Dart (safe; 1% risk of failure)
Confirm with . or Enter, or press ? or * to list all spells.
You can't see any susceptible monsters within range! (Use Z to cast anyway.)
Something hits you. Something hits you but does no damage. Something hits you.
You hear some strange, mumbled words.
A puff of flame appears from out of thin air!
The puff of flame hits you.
* * * LOW HITPOINT WARNING * * *
Casting: Magic Dart (safe; 1% risk of failure)
Confirm with . or Enter, or press ? or * to list all spells.
You can't see any susceptible monsters within range! (Use Z to cast anyway.) Unknown command.
A magic dart appears from out of thin air!
The magic dart hits something!
A magic dart appears from out of thin air!
The magic dart hits you!
You die...

#.....######..........###.##
#..........##+###.....# #.##
#..........##.###.....# #.##
#####..........##.....# #.##
#.###{...##.##........# #...
#..s.....#..)#.##.##..######
#.###......)..÷#...#..#.....
s#####.#
##.#.#............#.####
.†...#.#
#...##@..#.)..#..#.....
####...#
##.....#.....##..#..###
##..#####.##.....#...[..#..#
#
#.....##.#....#...##)#.#..###
##.#...............#.#.#.....
#.#+##..#...#.......#.#...##
... ##.##.##.#...#...#...##
..... #.......##.##.#.#...##
...... ##....'.....(.#.#<....


There were no monsters in sight!

Vanquished Creatures
  A black bear (D:5)
  A phantom (D:4)
  A scorpion (D:4)
  An orc priest (D:5)
  3 orc wizards (D:5)
  4 adders
  A worm (D:2)
  13 orcs
  5 ball pythons
  5 endoplasms
  2 giant cockroaches
  3 goblins
  7 hobgoblins
  A quokka (D:3)
  4 bats
  4 kobolds
  2 rats
58 creatures vanquished.

Notes
Turn   | Place    | Note
-------+----------+-------------------------------------------
     0 | D:1      | Descartes the Deep Elf Conjurer began the quest for the
                  | Orb.
     0 | D:1      | Reached XP level 1. HP: 10/10 MP: 6/6
   223 | D:1      | Found a faded altar of an unknown god.
   913 | D:2      | Reached XP level 2. HP: 5/15 MP: 2/8
   971 | D:2      | Found Wisoim's General Store.
  1002 | D:2      | Reached skill level 1 in Evocations
  1216 | D:2      | Reached XP level 3. HP: 19/19 MP: 7/10
  1667 | D:3      | Learned a level 3 spell: Dazzling Flash
  2433 | D:4      | Reached XP level 4. HP: 24/24 MP: 9/11
  2438 | D:4      | Reached skill level 1 in Hexes
  2510 | D:4      | Noticed a phantom
  2518 | D:4      | Killed a phantom
  2519 | D:4      | Reached skill level 5 in Conjurations
  2519 | D:4      | Reached XP level 5. HP: 28/28 MP: 8/13
  3294 | D:5      | Entered Level 5 of the Dungeon
  3350 | D:5      | Reached XP level 6. HP: 28/32 MP: 8/15
  3721 | D:5      | Reached skill level 5 in Spellcasting
  3745 | D:5      | Killed from afar by an orc wizard

Illustrated notes

Levels and vault maps discovered:
D:1:      kilobyte_arrival_exit_the_forest, layout_basic,
          shapermc_ecumenical_altar_mp_ritualfount
D:2:      layout_basic, serial_shops, shop
D:3:      layout_loops_cross
D:4:      layout_cave_pods
D:5:      layout_basic, mainiacjoe_overflow_chevrons,
          mainiacjoe_overflow_concentric_impassable, nrook_mini_backslash,
          hangedman_decor_clover_reticule, uniq_prince_ribbit1

Skill      XL: |  1  2  3  4  5  6 |
---------------+-------------------+-----
Evocations     | 1 2 3 |  3.1
Dodging        | 3 4 |  4.4
Hexes          | 1 2 3 |  3.3
Spellcasting   | 4 5 |  5.0
Conjurations   | 5 |  5.6
Stealth        | |  2.4

Action                     |  1- 3 |  4- 6 || total
---------------------------+-------+-------++-------
   Cast: Magic Dart        |    75 |    77 ||   152
 Armour: Robe              |     2 |     3 ||     5
  Dodge: Dodged            |     7 |     8 ||    15

Table legend: (Time is in decaauts)
 A = Elapsed time spent in this place.
 B = Non-inter-level travel time spent in this place.
 C = Inter-level travel time spent in this place.
 D = Time resting spent in this place.
 E = Time spent auto-exploring this place.
 F = Levels seen in this place.
 G = Mean time per level.
                   A        B        C        D        E       F      G
               +--------+--------+--------+--------+--------+-----+--------+
         Total |   3753 |   3430 |    323 |      0 |   2961 |   5 |  750.6 |
       Dungeon |   3753 |   3430 |    323 |      0 |   2961 |   5 |  750.6 |
               +--------+--------+--------+--------+--------+-----+--------+

Top non-repeatable levels by time:
     D:1: 1000 daAuts
     D:4: 927 daAuts
     D:3: 829 daAuts
     D:2: 610 daAuts
     D:5: 386 daAuts
